[Event "Titled Tuesday Blitz January 17 Late 2023"]
[White "reevecanada"]
[Black "qiaohu_henry"]
[WhiteElo "2474"]
[BlackElo "2229"]
[Result "1-0"]
[Round "02"]
[TimeControl "180+2"]
[Date "2023.01.17"]
[WhiteClock "0:01:21"]
[BlackClock "0:00:26"]

1. Nf3 Nf6 2. d4 d5 3. e3 c6 4. b3 g6 5. Bb2 Bg7 6. Nbd2 O-O 7. Bd3 Re8 8. Ne5 Nfd7 9. h4 Nxe5 10. dxe5 h5 11. f4 Bg4 12. Be2 Qd7 13. Bxg4 Qxg4 14. Qxg4 hxg4 15. h5 g5 16. h6 Bh8 17. h7+ Kf8 18. fxg5 Nd7 19. Rf1 Nxe5 20. Rf5 Ng6 21. Bxh8 Nxh8 22. O-O-O Kg7 23. Rf4 Kxh7 24. Rxg4 e5 25. e4 Rad8 26. Rh1+ Kg7 27. Rgh4 Ng6 28. Rh6 Nf4 29. Rh7+ Kf8 30. Rf1 Kg8 31. Rh2 Re6 32. g3 Ng6 33. Rhf2 Rd7 34. c4 dxc4 35. Nxc4 b5 36. Ne3 Red6 37. Nf5 Rd3 38. Nh6+ Kf8 39. Rxf7+ Rxf7 40. Rxf7+ Ke8 41. Rg7 Ne7 42. g4 Re3 43. Rxe7+ Kxe7 44. Nf5+ Kf7 45. Nxe3 Kg6 46. b4 Kxg5 47. Kd2 Kf4 48. Ke2 Kxe4 49. g5 1-0


[Site "https://www.chess.com"]

[Event "Titled Tuesday Blitz January 17 Late 2023"]
[White "Radovanovic, Dusan"]
[Black "Bulgurlu, Okan"]
[WhiteFideId "926868"]
[BlackFideId "6352316"]
[WhiteElo "2311"]
[BlackElo "1908"]
[Result "1-0"]
[Round "02"]
[TimeControl "180+2"]
[Date "2023.01.17"]
[WhiteClock "0:00:11"]
[BlackClock "0:00:05"]

1. e4 c5 2. Nf3 d6 3. d4 cxd4 4. Nxd4 Nf6 5. Nc3 a6 6. Rg1 Nbd7 7. g4 h6 8. h4 e5 9. Nb3 Nc5 10. Nxc5 dxc5 11. Qxd8+ Kxd8 12. g5 hxg5 13. hxg5 Ne8 14. Bc4 f6 15. a4 Be7 16. Be3 Nc7 17. O-O-O+ Ke8 18. g6 Be6 19. Bxe6 Nxe6 20. Nd5 Bd8 21. Rh1 Rg8 22. c3 b5 23. axb5 axb5 24. Kc2 Nf8 25. Rhg1 Rc8 26. f4 exf4 27. Nxf4 Bc7 28. Nd3 Bd6 29. Bf4 Be7 30. e5 Ne6 31. exf6 Bxf6 32. Rge1 Ke7 33. Nxc5 Rc6 34. b4 Re8 35. Rd7+ Kf8 36. Bd6+ Kg8 37. Rxe6 Rxe6 38. Nxe6 Rxc3+ 39. Kd2 Rc6 40. Nc5 Rc8 41. Kd3 Re8 42. Ne4 Bh4 43. Bc5 Kh8 44. Bd4 Bf6 45. Bxf6 gxf6 46. Rh7+ Kg8 47. Nxf6+ Kf8 48. Rf7# 1-0


[Site "https://www.chess.com"]

[Event "Titled Tuesday Blitz January 17 Late 2023"]
[White "Cepo, Toni"]
[Black "Rojas Salas, Steven"]
[WhiteFideId "4675916"]
[BlackFideId "3819434"]
[WhiteElo "2145"]
[BlackElo "2217"]
[Result "0-1"]
[Round "02"]
[TimeControl "180+2"]
[Date "2023.01.17"]
[WhiteClock "0:00:57"]
[BlackClock "0:00:54"]

1. e4 e5 2. Nf3 Nc6 3. Bb5 a6 4. Ba4 Nf6 5. O-O b5 6. Bb3 Bc5 7. c3 d6 8. d4 Bb6 9. Bg5 O-O 10. h3 h6 11. Bxf6 Qxf6 12. d5 Ne7 13. Nbd2 Ng6 14. a4 Nf4 15. Kh2 Qg6 16. Nh4 Qg5 17. Ndf3 Qf6 18. axb5 g5 19. Nf5 Bxf5 20. exf5 axb5 21. Rxa8 Rxa8 22. Bc2 h5 23. g3 g4 24. gxf4 gxf3 25. Qxf3 Kf8 26. Qxh5 exf4 27. Qg4 Ke7 28. Qxf4 Ra2 29. Re1+ Kd8 30. Qe4 Qe5+ 31. Qxe5 dxe5 32. Rb1 Bxf2 33. Bb3 Ra6 34. Rf1 Be3 35. h4 Rh6 36. Kg3 Bf4+ 37. Kg4 Rh8 38. Ra1 Rg8+ 39. Kf3 Rg3+ 40. Kf2 Rh3 41. Ra8+ Kd7 42. d6 Kxd6 43. Rd8+ Kc5 44. Rd7 c6 45. Rxf7 Rxh4 46. Rf8 e4 47. f6 Rh2+ 48. Kg1 Rxb2 49. Bd1 Rb1 50. Rd8 Bd6 51. Rxd6 Kxd6 0-1


[Site "https://www.chess.com"]

[Event "Titled Tuesday Blitz January 17 Late 2023"]
[White "Andrews, Todd"]
[Black "Stanisz, Patryk"]
[WhiteFideId "2012456"]
[BlackFideId "1123106"]
[WhiteElo "2220"]
[BlackElo "2161"]
[Result "1-0"]
[Round "02"]
[TimeControl "180+2"]
[Date "2023.01.17"]
[WhiteClock "0:00:50"]
[BlackClock "0:00:07"]

1. e4 c5 2. Nf3 Nc6 3. d3 g6 4. g3 Bg7 5. Bg2 d6 6. O-O Rb8 7. Re1 e6 8. a4 Nge7 9. c3 O-O 10. d4 b6 11. Bg5 h6 12. Be3 Bb7 13. Qd2 Kh7 14. Na3 a6 15. h4 Na5 16. Qd3 c4 17. Qc2 Qc7 18. h5 Rbe8 19. hxg6+ fxg6 20. Nd2 Qc6 21. Kh2 Rf7 22. Rh1 Ref8 23. Kg1 Nf5 24. Bf4 e5 25. d5 Qc5 26. exf5 exf4 27. fxg6+ Kg8 28. gxf7+ Rxf7 29. Ne4 Qc7 30. Re1 fxg3 31. Nxg3 Qc5 32. Re8+ Rf8 33. Rxf8+ Kxf8 34. Qf5+ Kg8 35. Qe6+ Kf8 36. Nf5 Qc7 37. Nxd6 1-0


[Site "https://www.chess.com"]

[Event "Titled Tuesday Blitz January 17 Late 2023"]
[White "Andreassen, Lars"]
[Black "Donskov, Anatoly"]
[WhiteFideId "1504878"]
[BlackFideId "24143413"]
[WhiteElo "2168"]
[BlackElo "2279"]
[Result "1-0"]
[Round "02"]
[TimeControl "180+2"]
[Date "2023.01.17"]
[WhiteClock "0:00:57"]
[BlackClock "0:00:06"]

1. d4 d5 2. Nf3 Nf6 3. c4 dxc4 4. Nc3 a6 5. a4 e6 6. e3 c5 7. Bxc4 cxd4 8. Qxd4 Qxd4 9. Nxd4 Bd6 10. O-O Ke7 11. e4 e5 12. Nf5+ Bxf5 13. exf5 h6 14. Re1 Re8 15. Be3 Nc6 16. Rad1 Rad8 17. f4 Kf8 18. Rxd6 Rxd6 19. Bc5 Rd8 20. fxe5 Nxe5 21. Rxe5 Kg8 22. Bxd6 Rxd6 23. h3 Rc6 24. b3 Kf8 25. Nd5 Nd7 26. Re7 Nc5 27. Rc7 Rxc7 28. Nxc7 Nd7 29. Nd5 Ne5 30. Nb6 Ke7 31. Kf2 h5 32. Ke3 Kf6 33. Kf4 g5+ 34. fxg6 fxg6 35. Nd5+ Ke6 36. Nc7+ Kf6 37. Ne8+ Ke7 38. Kxe5 Kxe8 39. Kf6 1-0


[Site "https://www.chess.com"]

[Event "Titled Tuesday Blitz January 17 Late 2023"]
[White "Rose, Felix"]
[Black "Garcia Almaguer, Juan Manuel"]
[WhiteFideId "5105722"]
[BlackFideId "5110491"]
[WhiteElo "2091"]
[BlackElo "2090"]
[Result "1-0"]
[Round "02"]
[TimeControl "180+2"]
[Date "2023.01.17"]
[WhiteClock "0:00:19"]
[BlackClock "0:00:54"]

1. e4 e5 2. Nf3 Nc6 3. Bb5 a6 4. Ba4 Nf6 5. O-O Be7 6. Re1 b5 7. Bb3 O-O 8. h3 h6 9. c3 d6 10. d4 Nd7 11. Nbd2 Rb8 12. Nf1 Na5 13. Bc2 c5 14. d5 b4 15. Ne3 Re8 16. c4 Bf8 17. b3 Nf6 18. Nh2 Nb7 19. Rf1 g5 20. Nhg4 Nh7 21. Nf5 Bxf5 22. exf5 f6 23. a4 a5 24. Be4 Kf7 25. Ne3 Ke7 26. Qh5 Kd7 27. g3 Qe7 28. Kg2 Nd8 29. Kf3 Qf7 30. Qg6 h5 31. Ke2 Kc7 32. Bf3 g4 33. hxg4 hxg4 34. Nxg4 e4 35. Bg2 Qe7 36. Rh1 Ng5 37. Bxg5 fxg5 38. Rh7 Nb7 39. Rxe7+ Bxe7 40. f6 Bf8 41. Rh1 Red8 42. Rh7+ Rd7 43. Rxd7+ Kxd7 44. Bxe4 Kc7 45. f3 Kb6 46. Qxg5 Nd8 47. Qf5 Nf7 48. Qd7 Rb7 49. Qe8 Bh6 50. Bg6 1-0


[Site "https://www.chess.com"]

[Event "Titled Tuesday Blitz January 17 Late 2023"]
[White "Mortazavi, Ali"]
[Black "Thiel, Thomas"]
[WhiteFideId "401323"]
[BlackFideId "4615964"]
[WhiteElo "2333"]
[BlackElo "2234"]
[Result "1-0"]
[Round "02"]
[TimeControl "180+2"]
[Date "2023.01.17"]
[WhiteClock "0:01:12"]
[BlackClock "0:01:16"]

1. e4 d5 2. Nc3 dxe4 3. f3 Nf6 4. fxe4 Nc6 5. Bb5 Bd7 6. Nf3 a6 7. Bc4 e6 8. d4 Bb4 9. Bd3 Bc8 10. e5 Nd5 11. Bd2 Nb6 12. a3 Be7 13. Ne2 Bh4+ 14. g3 Be7 15. c3 O-O 16. Qc2 h6 17. O-O-O f5 18. exf6 Bxf6 19. Nf4 e5 20. Bh7+ Kf7 21. Qb3+ Ke7 22. Ng6+ 1-0


[Site "https://www.chess.com"]

[Event "Titled Tuesday Blitz January 17 Late 2023"]
[White "Almedina Ortiz, Edgardo J."]
[Black "Ortega Ruiz, Jose Miguel"]
[WhiteFideId "3100197"]
[BlackFideId "2209713"]
[WhiteElo "2156"]
[BlackElo "2351"]
[Result "1-0"]
[Round "02"]
[TimeControl "180+2"]
[Date "2023.01.17"]
[WhiteClock "0:00:14"]
[BlackClock "0:01:12"]

1. Nf3 c5 2. c4 Nc6 3. g3 g6 4. Bg2 Bg7 5. O-O e6 6. Nc3 Nge7 7. d3 O-O 8. Be3 b6 9. Qc1 Nf5 10. Bg5 f6 11. Bd2 Bb7 12. a3 a6 13. Rb1 Ncd4 14. Nxd4 Bxg2 15. Nxf5 Bxf1 16. Nxg7 Bh3 17. b4 Rf7 18. bxc5 bxc5 19. Bh6 Rxg7 20. Bxg7 Kxg7 21. Ne4 Qc7 22. Qe3 Rc8 23. f3 d5 24. Nf2 Bf5 25. g4 d4 26. Qc1 Rg8 27. gxf5 gxf5 28. Kh1 Kf7 29. Qh6 Rg7 30. Rg1 Rxg1+ 31. Kxg1 Kg8 32. Qxf6 Qg7+ 33. Qxg7+ Kxg7 34. Kg2 Kf6 35. Nh3 h6 36. Nf4 e5 37. Nh5+ Kg5 38. Ng7 f4 39. Ne6+ Kf6 40. Nxc5 Ke7 41. Ne4 Ke6 42. Nc5+ Ke7 43. Nxa6 Kd7 44. Nb4 Kc7 45. Nd5+ Kb7 46. Kh3 Kc6 47. Kg4 Kd6 48. Kf5 Kd7 49. Kxe5 1-0


[Site "https://www.chess.com"]

[Event "Titled Tuesday Blitz January 17 Late 2023"]
[White "Chlpik, Martin"]
[Black "Dahl, Trygve"]
[WhiteFideId "14923351"]
[BlackFideId "1513427"]
[WhiteElo "2287"]
[BlackElo "2206"]
[Result "1-0"]
[Round "02"]
[TimeControl "180+2"]
[Date "2023.01.17"]
[WhiteClock "0:00:38"]
[BlackClock "0:00:26"]

1. d4 d5 2. Nc3 Nf6 3. Bf4 e6 4. e3 Be7 5. Qf3 O-O 6. g4 Bb4 7. Bd3 Bd7 8. Ne2 Ne4 9. O-O-O Nxc3 10. Nxc3 Bxc3 11. bxc3 c5 12. Bd6 c4 13. Bxf8 Qxf8 14. Be2 b5 15. h4 a5 16. Kd2 b4 17. g5 Na6 18. h5 bxc3+ 19. Ke1 Nb4 20. Rc1 Nxa2 21. Ra1 Nb4 22. Bd1 a4 23. h6 a3 24. hxg7 Qxg7 25. Qf4 Qf8 26. Qh2 Qg7 27. Qd6 Nd3+ 28. cxd3 cxd3 29. Qxd7 a2 30. Qc6 Qf8 31. Qxc3 1-0


[Site "https://www.chess.com"]

[Event "Titled Tuesday Blitz January 17 Late 2023"]
[White "Papayan, Oleg"]
[Black "Mendez Machado, Andre"]
[WhiteFideId "4193911"]
[BlackFideId "6603793"]
[WhiteElo "2253"]
[BlackElo "1974"]
[Result "1-0"]
[Round "02"]
[TimeControl "180+2"]
[Date "2023.01.17"]
[WhiteClock "0:01:22"]
[BlackClock "0:00:16"]

1. e4 e5 2. Nf3 Nc6 3. Bb5 a6 4. Bxc6 dxc6 5. O-O Bg4 6. h3 h5 7. d3 Qf6 8. Nbd2 g5 9. Re1 Bc5 10. b3 Bxh3 11. gxh3 g4 12. Bb2 gxf3 13. Nxf3 Nh6 14. Bxe5 Rg8+ 15. Kf1 Qe6 16. Ke2 Qxh3 17. Rh1 Qg2 18. Qg1 Qxg1 19. Raxg1 Rxg1 20. Nxg1 Ng4 21. Rxh5 O-O-O 22. Bxc7 Bxf2 23. Bxd8 1-0


[Site "https://www.chess.com"]

[Event "Titled Tuesday Blitz January 17 Late 2023"]
[White "Golding, Alex"]
[Black "Batista, Renato Luiz"]
[WhiteFideId "427241"]
[BlackFideId "2106540"]
[WhiteElo "2318"]
[BlackElo "2174"]
[Result "1-0"]
[Round "02"]
[TimeControl "180+2"]
[Date "2023.01.17"]
[WhiteClock "0:01:15"]
[BlackClock "0:00:08"]

1. e4 c5 2. Nf3 d6 3. Bb5+ Nd7 4. O-O Nf6 5. Re1 a6 6. Bxd7+ Bxd7 7. d4 cxd4 8. Nxd4 e6 9. c4 Be7 10. Nc3 O-O 11. Qd3 Qb8 12. Bg5 Rc8 13. Rac1 Be8 14. a4 h6 15. Bh4 Qc7 16. b3 Qa5 17. f4 Qc5 18. Kh1 Ng4 19. Bg3 Bf6 20. Nce2 e5 21. Nf5 exf4 22. Nxf4 Rd8 23. h3 Ne5 24. Qd2 Bc6 25. Rcd1 a5 26. Qe2 Qb4 27. Nh5 Bg5 28. h4 Qxb3 29. hxg5 hxg5 30. Nhxg7 Qxc4 31. Qh5 Bxe4 32. Qxg5 Ng6 33. Qf6 d5 34. Nh5 Kf8 35. Qg7+ Ke8 36. Nf6# 1-0


[Site "https://www.chess.com"]

[Event "Titled Tuesday Blitz January 17 Late 2023"]
[White "Sanchez, Robert"]
[Black "Sabar, Ethmane Daouda"]
[WhiteFideId "2034360"]
[BlackFideId "19600097"]
[WhiteElo "1966"]
[BlackElo "2040"]
[Result "1-0"]
[Round "02"]
[TimeControl "180+2"]
[Date "2023.01.17"]
[WhiteClock "0:00:25"]
[BlackClock "0:00:28"]

1. e4 e5 2. Nf3 Nc6 3. Bc4 Nf6 4. d3 d5 5. exd5 Nxd5 6. O-O Bc5 7. c3 O-O 8. h3 h6 9. a4 a6 10. Nbd2 Bf5 11. Ne4 Be7 12. a5 Qd7 13. Qe2 Rfe8 14. Rd1 Rad8 15. Qc2 Bf8 16. Re1 Bxh3 17. Bxd5 Qg4 18. Ng3 Rxd5 19. Nh2 Qh4 20. gxh3 Qxh3 21. Re3 Rd6 22. Qe2 Rg6 23. Qf1 Qd7 24. Kh1 f5 25. Rf3 f4 26. Ne4 Ne7 27. Qh3 Nf5 28. Bd2 Rd8 29. Rg1 Rxg1+ 30. Kxg1 Ng3 31. Qxd7 Ne2+ 32. Kf1 1-0


[Site "https://www.chess.com"]

[Event "Titled Tuesday Blitz January 17 Late 2023"]
[White "Weissbarth, Adam"]
[Black "Bambino Filho, Antonio Carlos"]
[WhiteFideId "2018187"]
[BlackFideId "2113163"]
[WhiteElo "2144"]
[BlackElo "2144"]
[Result "1-0"]
[Round "02"]
[TimeControl "180+2"]
[Date "2023.01.17"]
[WhiteClock "0:00:15"]
[BlackClock "0:00:34"]

1. e4 c5 2. c3 Nc6 3. d4 cxd4 4. cxd4 d5 5. exd5 Qxd5 6. Nf3 Nf6 7. Nc3 Qd6 8. d5 Ne5 9. Nb5 Nxf3+ 10. Qxf3 Qe5+ 11. Be2 Bg4 12. Qe3 Qxe3 13. Bxe3 Bxe2 14. Nc7+ Kd7 15. Nxa8 Ba6 16. Bxa7 Nxd5 17. Nb6+ Nxb6 18. Bxb6 e5 19. O-O-O+ Ke6 20. Rhe1 Be7 21. f4 f6 22. Kb1 Rc8 23. fxe5 fxe5 24. Bd4 Bf6 25. Bc3 Kf5 26. Rd5 Bc4 27. Rd7 b5 28. h3 h5 29. g4+ hxg4 30. hxg4+ Kxg4 31. Bxe5 Re8 32. Rg1+ Kf5 33. Bxf6 gxf6 34. b3 Be2 35. Kb2 Kf4 36. a4 bxa4 37. bxa4 f5 38. Re1 Kf3 39. a5 f4 40. Kc3 Kf2 41. Rh1 f3 42. Rh6 Ke1 43. Rh1+ Kf2 44. Rd6 Ke3 45. Rh3 Kf4 46. Rf6+ Kg4 47. Rh7 Kg3 48. Rg7+ Kf2 49. a6 Rc8+ 50. Kd4 Ke1 51. Rgf7 Ra8 52. Ke3 Re8+ 53. Kd4 Rd8+ 54. Kc5 Ra8 55. a7 Re8 56. Rf8 Re5+ 57. Kd6 Ra5 58. a8=Q Rxa8 59. Rxa8 f2 60. Ra1+ Bd1 61. Rxd1+ 1-0


[Site "https://www.chess.com"]

[Event "Titled Tuesday Blitz January 17 Late 2023"]
[White "Ankerst, Mihael"]
[Black "Ferreira, Thales Bond Dias"]
[WhiteFideId "14602369"]
[BlackFideId "22777830"]
[WhiteElo "2370"]
[BlackElo "2085"]
[Result "1-0"]
[Round "02"]
[TimeControl "180+2"]
[Date "2023.01.17"]
[WhiteClock "0:02:14"]
[BlackClock "0:00:23"]

1. e4 c6 2. d4 d5 3. e5 Bf5 4. Nf3 e6 5. Be2 Ne7 6. O-O h6 7. Nbd2 Bh7 8. Nb3 Nd7 9. a4 Nf5 10. a5 a6 11. c3 Be7 12. Bd3 O-O 13. g4 Nh4 14. Nxh4 Bxh4 15. f4 Bxd3 16. Qxd3 f6 17. exf6 Nxf6 18. Nc5 Nxg4 19. Nxe6 Qf6 20. Nxf8 Rxf8 21. Bd2 Re8 22. Be1 Re3 23. Qd2 Rh3 24. Qg2 Rxh2 25. Qxg4 Bxe1 26. Kxh2 1-0


[Site "https://www.chess.com"]

[Event "Titled Tuesday Blitz January 17 Late 2023"]
[White "Papp, Petra"]
[Black "Becerra, Juan David"]
[WhiteFideId "739049"]
[BlackFideId "4404998"]
[WhiteElo "2343"]
[BlackElo "2382"]
[Result "1-0"]
[Round "02"]
[TimeControl "180+2"]
[Date "2023.01.17"]
[WhiteClock "0:00:26"]
[BlackClock "0:00:21"]

1. e4 e5 2. f4 d5 3. exd5 e4 4. d3 Qxd5 5. Nc3 Bb4 6. Bd2 Bxc3 7. Bxc3 Nf6 8. Bxf6 gxf6 9. dxe4 Qxe4+ 10. Qe2 Bf5 11. O-O-O Qxe2 12. Bxe2 Nd7 13. Nf3 O-O-O 14. Rd5 Be6 15. Rd2 Nc5 16. Rhd1 Ne4 17. Rxd8+ Rxd8 18. Rxd8+ Kxd8 19. Bd3 f5 20. a3 h6 21. Nd4 Ke7 22. Kd1 Bd7 23. Ke2 c5 24. Nf3 Kf6 25. Ne5 Be6 26. Ke3 Nd6 27. b3 a6 28. h3 Ke7 29. c4 f6 30. Nf3 b5 31. Nd2 b4 32. axb4 cxb4 33. Nf3 Nb7 34. Nd4 Nc5 35. Nc6+ Kd6 36. Nxb4 a5 37. Nc2 Nxb3 38. Nd4 a4 39. Nxb3 axb3 40. Kd2 Kc5 41. Kc3 Bxc4 42. Bxc4 b2 43. Ba2 1-0


[Site "https://www.chess.com"]

[Event "Titled Tuesday Blitz January 17 Late 2023"]
[White "Sreyas Payyappat"]
[Black "Michalski, Olaf"]
[WhiteFideId "46674969"]
[BlackFideId "1106740"]
[WhiteElo "2076"]
[BlackElo "2273"]
[Result "0-1"]
[Round "02"]
[TimeControl "180+2"]
[Date "2023.01.17"]
[WhiteClock "0:00:09"]
[BlackClock "0:00:05"]

1. e4 c5 2. Nf3 a6 3. d4 cxd4 4. Nxd4 Nf6 5. Nc3 e5 6. Nf3 Bb4 7. Bd3 d5 8. Nxe5 dxe4 9. Bc4 Qxd1+ 10. Kxd1 O-O 11. Bd2 Bd6 12. Bf4 Nc6 13. Nxc6 Bxf4 14. Ne7+ Kh8 15. Ke2 Bg4+ 16. f3 exf3+ 17. gxf3 Bh5 18. Kf2 Rfe8 19. Rhe1 b5 20. Bd5 Rad8 21. Bc6 Rd2+ 22. Kf1 Red8 23. Rad1 Rxd1 24. Rxd1 Rxd1+ 25. Nxd1 Bxh2 26. Ne3 Bd6 27. N7f5 Bc5 28. Bb7 a5 29. Ke2 Bg6 30. c3 Nh5 31. Be4 Nf4+ 32. Kd2 f6 33. Ng3 Be8 34. Nd5 Bf8 35. Nf5 Nxd5 36. Bxd5 Bd7 37. Ne3 g6 38. Be4 Kg7 39. Ke2 f5 40. Bd3 Bc5 41. Nd5 Bc6 42. Ne7 Bxe7 43. c4 Bd6 44. cxb5 Bb7 45. a4 h5 46. Kf2 h4 47. Kg2 Kf6 48. b4 g5 49. bxa5 Bc5 50. a6 Bd5 51. a5 g4 52. b6 Bxf3+ 53. Kh2 g3+ 54. Kh3 g2 55. b7 g1=Q 56. b8=Q Qg4+ 57. Kh2 Qg2# 0-1


[Site "https://www.chess.com"]

[Event "Titled Tuesday Blitz January 17 Late 2023"]
[White "Curtis, John"]
[Black "Tokhirjonova, Gulrukhbegim"]
[WhiteFideId "3200256"]
[BlackFideId "14203626"]
[WhiteElo "2292"]
[BlackElo "2340"]
[Result "0-1"]
[Round "02"]
[TimeControl "180+2"]
[Date "2023.01.17"]
[WhiteClock "0:00:04"]
[BlackClock "0:00:17"]

1. e4 e5 2. Nf3 d6 3. Bc4 Be7 4. d3 c5 5. Nc3 Nf6 6. Nd5 Nxd5 7. Bxd5 Nc6 8. c3 O-O 9. a4 Be6 10. Qb3 Qd7 11. O-O Kh8 12. Ng5 Bxd5 13. Qxd5 Bxg5 14. Bxg5 f5 15. f3 Rae8 16. Bh4 h6 17. Bf2 Qe7 18. Rae1 f4 19. d4 cxd4 20. cxd4 Nb4 21. Qb5 Nc2 22. Rc1 Nxd4 23. Bxd4 exd4 24. Rfd1 Qe5 25. Qd3 d5 26. Rc5 dxe4 27. Rxe5 exd3 28. Rxe8 Rxe8 29. Rxd3 Rd8 30. Kf2 Kh7 31. a5 Kg6 32. Rb3 d3 33. Ke1 d2+ 34. Kd1 Rd7 35. Rc3 Rd5 36. b4 Rd4 37. b5 Rd5 38. Rb3 Kf5 39. Rb2 g5 40. h3 h5 41. Rb4 g4 42. hxg4+ hxg4 43. a6 b6 44. Rb2 gxf3 45. gxf3 Ke6 46. Rc2 Rxb5 47. Rc7 Rb2 48. Rxa7 Ra2 49. Ra8 Kf7 50. a7 Kg7 51. Ke2 b5 0-1


[Site "https://www.chess.com"]

[Event "Titled Tuesday Blitz January 17 Late 2023"]
[White "Szyszylo, Rafal"]
[Black "Torres Dominguez, David"]
[WhiteFideId "1109626"]
[BlackFideId "2220857"]
[WhiteElo "2091"]
[BlackElo "1994"]
[Result "0-1"]
[Round "02"]
[TimeControl "180+2"]
[Date "2023.01.17"]
[WhiteClock "0:00:02"]
[BlackClock "0:00:12"]

1. e4 Nc6 2. Nf3 e5 3. Bb5 Nge7 4. c3 g6 5. O-O Bg7 6. Re1 O-O 7. d4 d5 8. exd5 Qxd5 9. c4 Qd6 10. dxe5 Qxd1 11. Rxd1 Nxe5 12. Nxe5 Bxe5 13. Nc3 c6 14. Ba4 Nf5 15. Bc2 Be6 16. Bd3 Rad8 17. Be3 Nxe3 18. fxe3 Bxc3 19. bxc3 c5 20. Be4 b6 21. Bd5 Kg7 22. e4 Kf6 23. a4 a5 24. Rab1 Rd6 25. Kf2 Ke5 26. Ke3 Bd7 27. Ra1 g5 28. Rf1 f5 29. exf5 Rxf5 30. Rxf5+ Kxf5 31. Be4+ Ke5 32. Bxh7 Rh6 33. Be4 Rh4 34. Bd5 Rxh2 35. Rb1 Rh6 36. Ra1 Rh8 37. Be4 Be6 38. Rb1 Rh4 39. Bd3 Bxc4 40. Rxb6 Bxd3 41. Kxd3 Rxa4 42. Rg6 Kf5 43. Rc6 c4+ 44. Kd4 Kf4 45. Rg6 g4 46. Rf6+ Kg3 47. Rg6 Ra2 48. Kxc4 Rxg2 49. Kb5 Ra2 50. c4 a4 51. c5 a3 52. Ra6 Kf2 53. c6 g3 54. c7 Rc2 55. Kb6 g2 56. Kb7 g1=Q 57. Rc6 Rxc6 58. Kxc6 Qc1+ 59. Kb7 Qxc7+ 60. Kxc7 a2 61. Kd6 a1=Q 62. Kc5 Qc3+ 63. Kd5 Ke3 64. Kd6 Qd4+ 65. Ke6 Qc5 66. Kf6 Qd5 67. Kg6 Qe5 68. Kf7 Qd6 69. Kg7 Qe6 70. Kf8 Qd7 71. Kg8 Kf4 72. Kh8 Kf5 73. Kg8 Kf6 74. Kh8 Qg7# 0-1


[Site "https://www.chess.com"]

[Event "Titled Tuesday Blitz January 17 Late 2023"]
[White "ritanovikova"]
[Black "Lopez Gracia, Fernando"]
[BlackFideId "2207184"]
[WhiteElo "2148"]
[BlackElo "2255"]
[Result "0-1"]
[Round "02"]
[TimeControl "180+2"]
[Date "2023.01.17"]
[WhiteClock "0:00:09"]
[BlackClock "0:01:46"]

1. d4 Nf6 2. Bf4 e6 3. Nf3 c5 4. e3 b6 5. c3 Bb7 6. Be2 Be7 7. O-O Nh5 8. Nbd2 Nxf4 9. exf4 cxd4 10. Nxd4 O-O 11. Bf3 Nc6 12. N2b3 d5 13. Nxc6 Bxc6 14. Nd4 Bb7 15. f5 e5 16. Nc2 Qd7 17. Bg4 Bf6 18. Qe2 a5 19. Rad1 Ba6 20. Qe3 Bxf1 21. Rxf1 Rac8 22. Qh3 h6 23. Bf3 Rfd8 24. Rd1 d4 25. Ne3 Qb5 26. Ng4 Rd6 27. cxd4 exd4 28. Ne3 dxe3 29. Rxd6 e2 30. Bxe2 0-1


[Site "https://www.chess.com"]

[Event "Titled Tuesday Blitz January 17 Late 2023"]
[White "Sivakumar, Shaaketh"]
[Black "Levine, David"]
[WhiteFideId "30940176"]
[BlackFideId "2011611"]
[WhiteElo "2337"]
[BlackElo "2040"]
[Result "1-0"]
[Round "02"]
[TimeControl "180+2"]
[Date "2023.01.17"]
[WhiteClock "0:01:28"]
[BlackClock "0:00:26"]

1. e4 e5 2. Nf3 Nc6 3. Bc4 Nf6 4. d3 h6 5. O-O d6 6. c3 g5 7. b4 Bg7 8. b5 Ne7 9. d4 exd4 10. Nxd4 Nxe4 11. Re1 d5 12. Bd3 Nd6 13. h4 g4 14. Qe2 O-O 15. Qxe7 Qxe7 16. Rxe7 Ne8 17. Bf4 c5 18. bxc6 bxc6 19. Nxc6 Be6 20. Nd4 Bf6 21. Nxe6 Bxe7 22. Nxf8 Bxf8 23. Nd2 Rc8 24. c4 Bg7 25. Re1 Nf6 26. cxd5 Nxd5 27. Bf5 Rd8 28. Be5 Bf8 29. Ne4 Bb4 30. Rd1 1-0


[Site "https://www.chess.com"]

[Event "Titled Tuesday Blitz January 17 Late 2023"]
[White "ajedrez-facil"]
[Black "Vega Gutierrez, Sabrina"]
[BlackFideId "2219026"]
[WhiteElo "2125"]
[BlackElo "2377"]
[Result "0-1"]
[Round "02"]
[TimeControl "180+2"]
[Date "2023.01.17"]
[WhiteClock "0:00:38"]
[BlackClock "0:00:28"]

1. e4 c5 2. Nf3 Nc6 3. Nc3 Nf6 4. Bb5 g6 5. O-O Bg7 6. Re1 Nd4 7. Bc4 d6 8. d3 Bg4 9. Be3 Bxf3 10. gxf3 Nh5 11. Nd5 O-O 12. c3 Nc6 13. Nf4 Nxf4 14. Bxf4 e6 15. Qe2 a6 16. Bb3 b5 17. Bc2 g5 18. Bg3 Be5 19. Kg2 Qf6 20. Qe3 Bf4 21. Qe2 Kh8 22. Rad1 b4 23. Ba4 Ne7 24. d4 bxc3 25. bxc3 cxd4 26. cxd4 Ng6 27. Bb3 h5 28. e5 dxe5 29. dxe5 Qg7 30. Kh1 h4 31. Bxf4 Nxf4 32. Qe4 Rfd8 33. Bc2 Rxd1 34. Rxd1 Rc8 35. Bb1 Ng6 36. Qb7 Rf8 37. Bxg6 Qxg6 38. Qxa6 Qc2 39. Qd3 Qxf2 40. Rf1 Qxa2 41. Qe3 Rg8 42. Rg1 h3 43. f4 Qa8+ 0-1


[Site "https://www.chess.com"]

[Event "Titled Tuesday Blitz January 17 Late 2023"]
[White "Chernomordik, Pavel"]
[Black "Marcolino, Daniel Mattos"]
[WhiteFideId "2804530"]
[BlackFideId "2106841"]
[WhiteElo "2150"]
[BlackElo "2006"]
[Result "1-0"]
[Round "02"]
[TimeControl "180+2"]
[Date "2023.01.17"]
[WhiteClock "0:02:11"]
[BlackClock "0:00:38"]

1. e4 c6 2. Nc3 d5 3. Nf3 Bg4 4. h3 Bxf3 5. Qxf3 Nf6 6. d3 e6 7. Qg3 Nbd7 8. Be2 Bb4 9. Bd2 d4 10. Nb1 Qe7 11. O-O Bxd2 12. Nxd2 e5 13. Qxg7 Rg8 14. Qh6 Rg6 15. Qh4 O-O-O 16. f4 Rdg8 17. Rf2 exf4 18. Qxf4 Rg3 19. Kh2 R3g6 20. Nc4 R8g7 21. Nd6+ 1-0


[Site "https://www.chess.com"]

[Event "Titled Tuesday Blitz January 17 Late 2023"]
[White "Bongo Akanga Ndjila, Barthelemy"]
[Black "Kouskoutis, Georgios-Alexandros"]
[WhiteFideId "10609431"]
[BlackFideId "4234049"]
[WhiteElo "1824"]
[BlackElo "2295"]
[Result "0-1"]
[Round "02"]
[TimeControl "180+2"]
[Date "2023.01.17"]
[WhiteClock "0:00:05"]
[BlackClock "0:00:04"]

1. d4 Nf6 2. Nf3 d5 3. c4 e6 4. Nc3 Be7 5. Bg5 O-O 6. e3 c6 7. Qc2 Nbd7 8. Rd1 b6 9. cxd5 cxd5 10. Bb5 Bb7 11. O-O a6 12. Bd3 b5 13. a3 Rc8 14. Qe2 Nb6 15. Bxf6 Bxf6 16. e4 dxe4 17. Bxe4 Nd5 18. Rc1 Qd7 19. Ne5 Bxe5 20. dxe5 Nxc3 21. bxc3 Bxe4 22. Qxe4 Rc4 23. Qe3 Rfc8 24. Rfd1 Rxc3 25. Qe1 Rxc1 26. Rxc1 Rxc1 27. Qxc1 h6 28. g3 Qb7 29. Qc3 Qb6 30. h4 a5 31. Qc8+ Kh7 32. Qc2+ g6 33. h5 b4 34. hxg6+ fxg6 35. axb4 axb4 36. Qd3 Qb7 37. Qb3 Kg7 38. Kh2 Kf7 39. Kg1 h5 40. Kh2 Qb6 41. Qf3+ Ke8 42. Qf6 b3 43. Qxg6+ Kd7 44. Qf7+ Kc8 45. Qe8+ Kb7 46. Qd7+ Kb8 47. Qe8+ Ka7 48. Qf7+ Ka6 49. Qxh5 Qxf2+ 50. Kh3 Qf1+ 51. Kh2 Qf2+ 52. Kh3 Qb6 53. Qe2+ Ka7 54. Qb2 Kb7 55. Qg2+ Kc7 56. Qb2 Kd7 57. Qd2+ Ke7 58. Qb2 Qb4 59. g4 Qc4 60. Kh4 Qc2 61. Qa3+ Kd8 62. Qa8+ Kc7 63. Qa7+ Kc6 64. Qa6+ Kc5 65. Qc8+ Kd4 66. Qd7+ Ke3 67. Qxe6 b2 68. Qh6+ Kf3 69. Qf6+ Kg2 70. Qc6+ Qxc6 71. g5 b1=Q 72. Kh5 Qbg6+ 73. Kg4 Qce4# 0-1


[Site "https://www.chess.com"]